 Dungeon Crawl Stone Soup version 0.27-a0-3-gcf006a40f5 (webtiles) character file.

Game seed: 8899377861129268133

794323 Shelvor the Slayer (level 27, -5/192 HPs)
             Began as a Gargoyle Earth Elementalist on Jan 1, 2021.
             Was the Champion of Vehumet.
             Killed by a guardian mummy's death curse (13 damage)
             ... on level 26 of a ziggurat.
             The game lasted 03:32:01 (69979 turns).

Shelvor the Slayer (Gargoyle Earth Elementalist)   Turns: 69979, Time: 03:32:02

Health: -5/192     AC: 42    Str: 20    XL:     27
Magic:  46/46      EV: 21    Int: 27    God:    Vehumet [******]
Gold:   6695       SH: 10    Dex: 13    Spells: 15/64 levels left

rFire    + + .     SeeInvis .   M - +8 sacred scourge (holy)
rCold    . . .     Faith    .   S - +3 buckler of the Eight Ghosts {Will+ Regen+}
rNeg     + + .     Spirit   .   z - +2 robe {Archmagi}
rPois    ∞         Reflect  .   C - +1 helmet of Qopne {+Inv rF+ Str+4}
rElec    +         Harm     .   G - +2 cloak {rCorr}
rCorr    +         Rampage  .   F - +2 pair of gloves {Dex+3}
Will     +++..                  Q - +2 pair of boots of the Dolphin {Str+2}
Stlth    ++........             v - amulet of Moxut {RegenMP +Inv rF+ rN+}
HPRegen  1.22/turn              w - ring of wizardry
MPRegen  0.55/turn              u - +4 ring of protection

@: flying, very slightly contaminated, hasted and slowed, studying 2 skills,
invisible
A: big wings, molten scales 1, deformed body, negative energy resistance 1,
regeneration 1, electricity resistance, wild magic 1, unbreathing, petrification
resistance, miasma immunity, AC +20
}: 3/15 runes: barnacled, silver, gossamer
a: Stop Flying, Renounce Religion, Evoke Invisibility


You were on level 26 of a ziggurat.
You worshipped Vehumet.
Vehumet was exalted by your worship.
You visited 9 branches of the dungeon, and saw 45 of its levels.
You visited 1 ziggurat, and saw 26 of its levels.
You also visited: Bailey, Volcano and Wizlab.

You collected 9460 gold pieces.
You spent 2765 gold pieces at shops.

Inventory:

Hand Weapons
 B - the +9 morningstar "Wep Qer" {vorpal, rElec rPois rF++ Will-}
   (You found it on level 10 of a ziggurat)

   It inflicts extra damage upon your enemies.
   It greatly protects you from fire.
   It insulates you from electricity.
   It protects you from poison.
   It affects your willpower, your defense against some magical effects.
 L - a +9 demon whip of electrocution
 M - a +8 sacred scourge of holy wrath (weapon)
 W - the +10 morningstar "Eos" {elec, Halo rElec}
   (You found it on level 25 of a ziggurat)

   Occasionally, upon striking a foe, it can discharge electrical energy and
   cause terrible harm.
   It insulates you from electricity.
 X - the +8 morningstar of Cobaoblo {vamp, rF+++ Int+3 Dex+7}
   (You found it on level 25 of a ziggurat)

   It inflicts no extra harm, but heals its wielder when it wounds a living foe.
   It affects your intelligence (+3).
   It affects your dexterity (+7).
   It renders you almost immune to fire.
Armour
 m - the +3 salamander hide armour {Flames rF++ rC--}
   (You found it on level 22 of a ziggurat)

   It greatly protects you from fire.
   It makes you very vulnerable to cold.
 z - a +2 robe of the Archmagi (worn)
 C - the +1 helmet of Qopne (worn) {+Inv rF+ Str+4}
   (You acquired it on level 10 of a ziggurat)

   It affects your strength (+4).
   It protects you from fire.
   It lets you turn invisible.
 D - a scarf of invisibility
 F - a +2 pair of gloves of dexterity (worn)
 G - a +2 cloak of preservation (worn)
 Q - the +2 pair of boots of the Dolphin (worn) {Str+2}
   (You found it on level 15 of a ziggurat)

   It affects your strength (+2).
 S - the +3 buckler of the Eight Ghosts (worn) {Will+ Regen+}
   (You found it on level 23 of a ziggurat)

   It affects your willpower, your defense against some magical effects.
   It increases your rate of regeneration.
Jewellery
 j - the ring "Heph" {rC++ rN+ Dex+4 Slay-2 Stlth+}
   (You found it on level 2 of a ziggurat)

   [ring of positive energy]

   It affects your dexterity (+4).
   It affects your accuracy and damage with ranged weapons and melee attacks
   (-2).
   It greatly protects you from cold.
   It protects you from negative energy.
   It makes you more stealthy.
 u - a +4 ring of protection (right hand)
 v - the amulet of Moxut (around neck) {RegenMP +Inv rF+ rN+}
   (You found it on level 11 of a ziggurat)

   [amulet of magic regeneration]

   It increases your magic regeneration.
   It protects you from fire.
   It protects you from negative energy.
   It lets you turn invisible.
 w - a ring of wizardry (left hand)
 V - the macabre finger necklace {rN+}
   (You found it on level 24 of a ziggurat)

   [amulet of nothing]

   It protects you from negative energy.
Wands
 g - a wand of iceblast (52)
 y - a wand of acid (64)
 U - a wand of disintegration (38)
Scrolls
 e - 32 scrolls of remove curse
 i - 19 scrolls of amnesia
 k - 11 scrolls of enchant armour
 p - a scroll of summoning
 r - 20 scrolls of teleportation
 s - 24 scrolls of fog
 t - 34 scrolls of identify
 x - 5 scrolls of magic mapping
 I - 2 scrolls of fear
 N - a scroll of brand weapon
 O - 2 scrolls of immolation
 P - 3 scrolls of holy word
Potions
 a - 10 potions of cancellation
 b - 26 potions of mutation
 d - 7 potions of might
 h - 8 potions of haste
 n - 4 potions of berserk rage
 o - 9 potions of brilliance
 A - 6 potions of resistance
 E - a potion of ambrosia
 H - 29 potions of curing
 J - 2 potions of invisibility
 Y - 2 potions of magic
Books
 q - a manual of Conjurations
 R - a manual of Shields
Miscellaneous
 c - a phantom mirror
 K - a condenser vane
 T - a tin of tremorstones (2/2)
 Z - a box of beasts


   Skills:
 + Level 24.4 Fighting
 - Level 16.0 Maces & Flails
 - Level 6.0 Armour
 - Level 15.0 Dodging
 - Level 2.1 Stealth
 + Level 12.9 Shields
 + Level 19.2 Spellcasting
 - Level 20.0 Conjurations
 - Level 0.7 Transmutations
 - Level 22.0 Fire Magic
 - Level 22.0 Ice Magic
 - Level 23.3 Earth Magic
 - Level 10.0 Evocations


You had 15 spell levels left.
You knew the following spells:

 Your Spells              Type           Power        Failure   Level
a - Shatter               Erth           69%          2%          9
b - Stone Arrow           Conj/Erth      100%         1%          3
c - Lee's Rapid Deconstr  Erth           69%          1%          5
d - Iron Shot             Conj/Erth      67%          1%          6
e - Absolute Zero         Ice            68%          3%          9
f - Fire Storm            Conj/Fire      67%          4%          9
g - Ignition              Fire           68%          1%          8

Your spell library contained the following spells:

 Spells                   Type           Power        Failure   Level
 Lehudib's Crystal Spear  Conj/Erth      67%          1%          8
 Animate Skeleton         Necr           100%         1%          1
 Apportation              Tloc           100%         1%          1
 Beastly Appendage        Tmut           100%         1%          1
 Corona                   Hex            55%          1%          1
 Foxfire                  Conj/Fire      100%         1%          1
 Freeze                   Ice            100%         1%          1
 Magic Dart               Conj           100%         1%          1
 Pain                     Necr           100%         1%          1
 Sandblast                Erth           100%         1%          1
 Shock                    Conj/Air       100%         1%          1
 Sting                    Tmut/Pois      100%         1%          1
 Summon Small Mammal      Summ           100%         1%          1
 Blink                    Tloc           N/A          1%          2
 Call Imp                 Summ           50%          1%          2
 Corpse Rot               Necr/Air       N/A          1%          2
 Ensorcelled Hibernation  Hex/Ice        100%         1%          2
 Passwall                 Tmut/Erth      90%          1%          2
 Poisonous Vapours        Pois/Air       100%         1%          2
 Searing Ray              Conj           100%         1%          2
 Slow                     Hex            50%          1%          2
 Swiftness                Air            50%          1%          2
 Wereblood                Tmut           55%          1%          2
 Conjure Flame            Conj/Fire      100%         1%          3
 Dazzling Flash           Conj/Hex       100%         1%          3
 Frozen Ramparts          Ice            100%         1%          3
 Ignite Poison            Fire/Tmut/Pois 92%          1%          3
 Inner Flame              Hex/Fire       100%         1%          3
 Mephitic Cloud           Conj/Pois/Air  88%          1%          3
 Ozocubu's Armour         Ice            100%         1%          3
 Static Discharge         Conj/Air       100%         1%          3
 Fulminant Prism          Conj/Hex       51%          1%          4
 Hailstorm                Conj/Ice       100%         1%          4
 Ice Form                 Ice/Tmut       100%         1%          4
 Iskenderun's Mystic Bla  Conj/Tloc      100%         1%          4
 Leda's Liquefaction      Hex/Erth       54%          1%          4
 Petrify                  Tmut/Erth      100%         1%          4
 Sticky Flame             Conj/Fire      100%         1%          4
 Summon Ice Beast         Ice/Summ       100%         1%          4
 Bolt of Magma            Conj/Fire/Erth 68%          1%          5
 Borgnjor's Vile Clutch   Necr/Erth      54%          1%          5
 Fireball                 Conj/Fire      67%          1%          5
 Irradiate                Conj/Tmut      51%          1%          5
 Iskenderun's Battlesphe  Conj           100%         1%          5
 Lightning Bolt           Conj/Air       51%          1%          5
 Metabolic Englaciation   Hex/Ice        52%          1%          5
 Conjure Ball Lightning   Conj/Air       51%          1%          6
 Freezing Cloud           Conj/Ice/Air   57%          1%          6
 Ozocubu's Refrigeration  Ice            68%          1%          6
 Simulacrum               Ice/Necr       52%          1%          6
 Starburst                Conj/Fire      67%          1%          6
 Orb of Destruction       Conj           65%          1%          7
 Spider Form              Tmut/Pois      26%          2%          3
 Call Canine Familiar     Summ           50%          3%          3
 Confusing Touch          Hex            50%          3%          3
 Gell's Gravitas          Tloc           25%          3%          3
 Lesser Beckoning         Tloc           25%          3%          3
 Portal Projectile        Hex/Tloc       100%         3%          3
 Summon Guardian Golem    Hex/Summ       50%          3%          3
 Teleport Other           Tloc           50%          3%          3
 Tukima's Dance           Hex            50%          3%          3
 Vampiric Draining        Necr           25%          3%          3
 Airstrike                Air            25%          3%          4
 Olgreb's Toxic Radiance  Pois           50%          3%          4
 Spellforged Servitor     Conj/Summ      51%          4%          7
 Yara's Violent Unravell  Hex/Tmut       26%          6%          5
 Animate Dead             Necr           25%          10%         4
 Cause Fear               Hex            25%          10%         4
 Dispel Undead            Necr           50%          10%         4
 Passage of Golubria      Tloc           N/A          10%         4
 Summon Lightning Spire   Summ/Air       50%          10%         4
 Blade Hands              Tmut           27%          19%         5
 Alistair's Intoxication  Tmut/Pois      35%          21%         5
 Chain Lightning          Conj/Air       51%          22%         8
 Agony                    Necr           50%          24%         5
 Excruciating Wounds      Necr           25%          24%         5
 Silence                  Hex/Air        25%          24%         5
 Summon Demon             Summ           25%          24%         5
 Summon Forest            Summ/Tloc      25%          24%         5
 Summon Mana Viper        Hex/Summ       50%          24%         5
 Eringya's Noxious Bog    Tmut/Pois      26%          26%         6
 Hydra Form               Tmut           27%          63%         6
 Death Channel            Necr           25%          73%         6
 Dispersal                Tloc           25%          73%         6
 Invisibility             Hex            50%          73%         6
 Shadow Creatures         Summ           N/A          73%         6
 Dragon Form              Tmut           27%          99%         7
 Haunt                    Necr/Summ      25%          99%         7
 Malign Gateway           Summ/Tloc      25%          99%         7
 Monstrous Menagerie      Summ           25%          99%         7
 Summon Greater Demon     Summ           25%          99%         7
 Summon Hydra             Summ           25%          99%         7
 Borgnjor's Revivificati  Necr           25%          100%        8
 Discord                  Hex            25%          100%        8
 Disjunction              Tloc           25%          100%        8
 Infestation              Necr           25%          100%        8
 Necromutation            Tmut/Necr      26%          100%        8
 Summon Horrible Things   Summ           25%          100%        8
 Death's Door             Necr           25%          100%        9
 Dragon's Call            Summ           25%          100%        9
 Tornado                  Air            25%          100%        9
 Sublimation of Blood     Necr           Unusable     N/A         2
 Statue Form              Tmut/Erth      Unusable     N/A         6

Dungeon Overview and Level Annotations

Branches:
Dungeon (15/15)            Temple (1/1) D:6            Lair (6/6) D:8
 Shoals (4/4) Lair:3       Spider (4/4) Lair:2        Slime (0/5) Lair:6
    Orc (2/2) D:10            Elf (3/3) Orc:2        Vaults (5/5) D:14
  Crypt (0/3) Vaults:2     Depths (5/5) D:15            Zot (0/5) Depths:5
 Bailey (visited)         Volcano (visited)          WizLab (visited)

Altars:
Ashenzari
Cheibriados
Dithmenos
Elyvilon
Gozag
Makhleb
Nemelex Xobeh
Okawaru
Qazlal
Ru
Trog
Uskayaw
Vehumet
Wu Jian
Xom
Yredelemnul
Jiyva
Lugonu

Shops:
D:4 }   Orc:1 (   Orc:2 [:![   Elf:3 *(}!   Shoals:1 *   Vaults:1 }
Vaults:2 *   Vaults:4 ?   Depths:4 (

Portals:
Hell: Depths:1 Depths:2 Depths:3 Depths:4 Depths:5
Abyss: Depths:2 Depths:3 Depths:4 Depths:5
Pandemonium: Depths:2 Depths:3

Annotations:
D:9 3 runed translucent doors, Hopman's ghost, novice MiFi; mokwee's ghost, novice MiFi
Lair:1 exclusion: oklob plant
Lair:4 2 runed translucent doors, Itwuimug's ghost, journeyman DsWn
Shoals:3 3 runed translucent doors


Innate Abilities, Weirdness & Mutations

You are resistant to torment.
Your stone body is resilient. (AC +20)
You are immune to poison.
Your large and strong wings let you fly indefinitely.
You resist negative energy. (rN+)
You are resistant to electric shocks. (rElec)
You can survive without breathing.
You are immune to petrification.
You are immune to miasma.
You are partially covered in molten scales. (AC +2)
Armour fits poorly on your strangely shaped body.
Your natural rate of healing is unusually fast.
Your spells are a little harder to cast, but a little more powerful.


Message History

The fireball engulfs the ushabti!
The ushabti resists.
The ushabti is heavily damaged.
The fireball engulfs the mummy priest!!
The mummy priest is almost destroyed.
The fireball engulfs the royal mummy!!!
The royal mummy is moderately damaged.
The fireball engulfs the shadow dragon skeleton!
The shadow dragon skeleton is almost destroyed.
The fireball engulfs the guardian mummy!!
The guardian mummy is almost destroyed.
The fireball engulfs the guardian mummy!!
You destroy the guardian mummy!
Vehumet accepts your kill.
The fireball engulfs the juggernaut skeleton!!
The juggernaut skeleton is moderately damaged.
The fireball engulfs the ushabti.
The ushabti resists.
The ushabti is almost destroyed.
You feel extremely nervous for a moment...
Pain shoots through your body!
You die...

▓▓▓▓▓▓▓▓▓▓▓▓▓▓▓
▓▓.............▓▓
▓M..@.......§...▓
▓.8..8............▓▓
▓.....M.†...........▓▓
▓|....................▓▓
::............Z........▓
)}...Z...#M.............
=}:.....##..............
[/[...8..M.z............
MMMM...Z.............


You could see a royal mummy, a mummy priest, a guardian mummy, 3 ushabtiu, a
flying skull (wandering), a mummy, a shadow dragon skeleton (wandering) and a
juggernaut skeleton (wandering).

Vanquished Creatures
  2 pandemonium lords
  10 ancient liches
  4 juggernauts
  3 royal mummies (Zig:26)
  Boris (Depths:5)
  Margery (Vaults:2)
  2 shard shrikes (Zig:16)
  Frederick (Depths:5)
  Nikola (Elf:2)
  Jory (Depths:5)
  7 golden dragons
  12 caustic shrikes
  A profane servitor (Zig:25)
  2 bone dragons (Zig:25)
  The ghost of Ettaih the Phalangite, a veteran DsIE of Sif Muna (Depths:1)
  9 liches
  4 pearl dragons (Zig:18)
  3 Brimstone Fiends
  An iron giant (Zig:20)
  2 Tzitzimimeh (Zig:14)
  The ghost of hemabe71 the Unseen, an adept HuAr of Okawaru (Elf:3)
  An Ice Fiend (Zig:14)
  Rupert (D:15)
  7 Hell Sentinels
  Asterion (Elf:2)
  4 tentacled monstrosities
  10 titans
  2 quicksilver dragons
  A deep elf master archer (Elf:3)
  2 deep elf blademasters (Elf:3)
  13 acid blobs (Zig:23)
  8 sphinxes
  Frances (Shoals:2)
  Agnes (Spider:3)
  5 shadow dragons
  A sphinx (shapeshifter) (Depths:2)
  3 Executioners
  4 tengu reavers
  Kirke (Spider:2)
  8 ancient champions
  7 revenants
  Roxanne (Spider:4)
  Donald (Vaults:3)
  5 daevas (Zig:18)
  3 warmongers
  6 azure jellies (Zig:23)
  9 storm dragons
  An azure jelly (shapeshifter) (Elf:3)
  A fenstrider witch (shapeshifter) (Depths:2)
  20 frost giants
  11 deep elf sorcerers
  3 draconian knights
  8 emperor scorpions
  4 blood saints
  12 ghost moths
  11 fire giants
  A frost giant (shapeshifter) (Elf:3)
  2 caustic shrike zombies
  6 iron dragons
  6 balrugs
  4 corrupters
  2 orc warlords (Zig:9)
  5 juggernaut zombies (Zig:24)
  6 deep elf elementalists
  A draconian shifter (Depths:5)
  Louise (D:15)
  6 curse skulls
  5 angels
  An emperor scorpion (shapeshifter) (Zig:11)
  3 ghouls
  31 very ugly things
  16 vault wardens
  23 ironheart preservers
  A draconian stormcaller (Depths:5)
  A caustic shrike skeleton (Zig:26)
  7 ophanim (Zig:18)
  4 spriggan defenders
  13 reapers
  8 war gargoyles
  38 stone giants
  11 vampire knights
  2 juggernaut skeletons (Zig:24)
  A bennu (Zig:26)
  2 black suns (Zig:14)
  10 deep elf demonologists
  A stone giant (shapeshifter) (Depths:2)
  2 green draconians
  A spectral titan (Depths:4)
  9 apis (Zig:18)
  17 deep elf annihilators
  2 purple draconians (Depths:5)
  A lorocyproca (Zig:21)
  2 dire elephants
  A bunyip (Zig:8)
  A red draconian (Depths:5)
  12 entropy weavers
  Azrael (Elf:2)
  A yellow draconian (Depths:5)
  4 merfolk javelineers
  15 spark wasps
  3 orange crystal statues
  A bunyip (shapeshifter) (Depths:2)
  4 eidola (Zig:25)
  9 fire dragons
  An eleionoma (Zig:8)
  4 mummy priests (Zig:26)
  5 blizzard demons
  17 deep elf death magi
  4 crystal guardians (Zig:20)
  22 yaktaur captains
  3 jiangshi
  16 ettins
  A death ooze (Zig:23)
  4 merfolk impalers
  A quicksilver dragon zombie (Zig:24)
  Josephine (Spider:1)
  6 deep elf high priests
  8 great orbs of eyes
  18 ogre magi
  6 rakshasas
  2 monstrous demonspawn
  13 boulder beetles
  19 ice dragons
  A hell beast (Zig:7)
  38 vault guards
  19 hydras
  4 merfolk avatars
  14 centaur warriors
  A quicksilver dragon skeleton (Zig:26)
  An alligator snapping turtle (shapeshifter) (Depths:2)
  A ghost crab (Zig:8)
  4 spriggan air magi
  2 merfolk aquamancers
  Erica (D:8)
  A satyr (shapeshifter) (Depths:2)
  6 alligator snapping turtles
  2 juggernaut simulacra
  2 two-headed ogres (shapeshifter)
  30 two-headed ogres
  6 death knights
  A queen ant (shapeshifter) (Zig:22)
  16 deep troll shamans
  2 satyrs
  2 death scarabs (Zig:26)
  12 death yaks
  10 deep troll earth magi
  3 hell hogs
  4 tengu warriors
  6 orc high priests
  36 dancing weapons
  3 spriggan berserkers
  2 titan zombies (Zig:24)
  6 vampire magi
  2 shock serpents (shapeshifter)
  8 spriggans
  11 hell knights
  A titan skeleton (Zig:26)
  3 soul eaters
  26 deep elf knights
  Sonja (D:12)
  5 iron golems (Zig:20)
  6 skeletal warriors
  5 small abominations (Elf:3)
  2 sun demons (Depths:4)
  11 shadow wraiths
  A spark wasp zombie (Depths:4)
  7 unseen horrors
  A sixfirhy (Zig:7)
  6 cherubim (Zig:18)
  7 iron trolls
  2 deep trolls (shapeshifter)
  A storm dragon skeleton (Zig:24)
  6 wizards
  17 sea snakes
  3 glowing orange brains
  40 deep trolls
  5 tengu zombies
  A spriggan druid (Zig:8)
  A golden dragon skeleton (Depths:4)
  8 flayed ghosts
  A golden dragon zombie (Zig:17)
  A shadow dragon zombie (Zig:17)
  4 swamp dragons
  A swamp dragon (shapeshifter) (Depths:3)
  A lindwurm (Lair:4)
  5 obsidian statues
  27 ironbrand convokers
  2 sphinx zombies
  25 orc knights
  32 harpies
  83 deep elf magi
  11 necromancers
  19 deep elf archers
  22 orb spiders
  12 fauns
  10 phantasmal warriors
  2 tengu skeletons (Zig:24)
  37 wolf spiders
  15 manticores
  5 human zombies
  A wolf spider (shapeshifter) (Vaults:5)
  A manticore (shapeshifter) (Elf:3)
  2 orb spiders (shapeshifter)
  A salamander (shapeshifter) (Vaults:2)
  7 shining eyes (Zig:23)
  A harpy (shapeshifter) (Vaults:2)
  4 oklob plants (Lair:4)
  14 cyclopes
  A faun (shapeshifter) (Vaults:3)
  A frost giant zombie (Depths:3)
  2 shadow dragon skeletons
  11 orc sorcerers
  43 ugly things
  2 will-o-the-wisps
  16 elephants
  2 centaur zombies (D:14)
  6 salamanders (Volcano)
  An iron dragon skeleton (Zig:24)
  16 moths of wrath
  2 fire giant zombies
  An ice statue (Zig:5)
  10 merfolk sirens
  24 vault sentinels
  2 moths of wrath (shapeshifter)
  A fire giant skeleton (Vaults:4)
  6 rust devils (Zig:17)
  A black mamba (shapeshifter) (Vaults:3)
  A water nymph (shapeshifter) (Elf:3)
  4 black mambas
  5 gargoyles
  An eye of devastation (shapeshifter) (Depths:2)
  Psyche (D:11)
  6 water nymphs
  A molten gargoyle (Depths:2)
  2 guardian serpents (shapeshifter)
  3 orange demons
  A storm dragon simulacrum (Depths:4)
  A spectral elf (Depths:4)
  2 eyes of devastation (Zig:23)
  9 torpor snails
  6 hellions
  2 kobold demonologists (D:14)
  27 cane toads
  A yaktaur (shapeshifter) (Vaults:5)
  A rime drake (shapeshifter) (Depths:2)
  8 tormentors
  14 komodo dragons
  2 komodo dragons (shapeshifter)
  9 freezing wraiths
  6 rime drakes
  5 guardian mummies (Zig:26)
  7 red devils
  8 tengu conjurers
  22 demonic crawlers
  A queen bee (Spider:4)
  40 yaktaurs
  3 ice devils
  4 spriggan skeletons
  9 trolls
  A meliai (shapeshifter) (Depths:5)
  3 meliai (Spider:4)
  22 merfolk
  A silent spectre (Vaults:3)
  36 jumping spiders
  A jumping spider (shapeshifter) (Zig:5)
  11 wind drakes
  A golden dragon simulacrum (Zig:16)
  A wind drake (shapeshifter) (Elf:3)
  A queen bee (shapeshifter) (Elf:3)
  9 polar bears
  23 hornets
  2 merfolk (shapeshifter)
  35 slime creatures
  2 trolls (shapeshifter)
  5 tyrant leeches
  27 blink frogs
  A shadow dragon simulacrum (Zig:16)
  A raiju (shapeshifter) (Vaults:5)
  A slime creature (shapeshifter) (Elf:3)
  3 spriggan zombies
  20 dream sheep
  A dream sheep (shapeshifter) (D:14)
  A snapping turtle (shapeshifter) (Depths:2)
  8 snapping turtles
  15 air elementals
  11 flying skulls
  84 redbacks
  A deep troll skeleton (Depths:1)
  A centaur simulacrum (D:14)
  Sigmund (D:2)
  A spriggan (shapeshifter) (Depths:2)
  33 tarantellas
  A tarantella (shapeshifter) (Depths:2)
  21 water elementals
  20 wraiths
  6 wyverns
  2 elf skeletons
  57 yaks
  A ynoxinul (Zig:14)
  4 shadows
  A steam dragon (D:15)
  An elf simulacrum (Zig:26)
  6 fire bats
  10 fire elementals
  An ushabti (Zig:26)
  9 basilisks
  5 hogs (Spider:2)
  15 vampire mosquitoes
  3 golden eyes (Zig:23)
  A chaos spawn (Zig:14)
  Menkaure (D:7)
  A naga (shapeshifter) (Vaults:2)
  5 acid dragons
  A yaktaur simulacrum (Vaults:1)
  24 water moccasins
  10 wargs
  5 hell hounds
  A soldier ant (shapeshifter) (Vaults:2)
  A water moccasin (shapeshifter) (Elf:3)
  A floating eye (shapeshifter) (Depths:2)
  3 floating eyes
  2 hornet zombies
  48 orc warriors
  2 sky beasts
  2 sky beasts (shapeshifter)
  2 phantoms
  5 eyes of draining
  7 ice beasts
  5 black bears
  35 ogres
  9 elf zombies
  A boulder beetle simulacrum (Vaults:2)
  A necrophage (D:14)
  2 ogres (shapeshifter) (Depths:2)
  8 boggarts
  A tengu (shapeshifter) (D:13)
  22 wolves
  33 centaurs
  Blork the orc (D:6)
  A big kobold (shapeshifter) (Vaults:1)
  3 big kobolds
  31 bullfrogs
  15 earth elementals
  A water moccasin zombie (D:6)
  6 scorpions
  12 killer bees
  3 human simulacra (Vaults:2)
  17 wights
  4 electric eels
  A howler monkey (D:9)
  A bullfrog zombie (D:6)
  A crimson imp (Zig:24)
  3 quasits
  10 jellies
  3 bullfrog skeletons
  9 hounds
  An iron imp (Zig:17)
  24 orc priests
  29 orc wizards
  7 centaur skeletons
  2 iguanas
  Natasha (thrice) (D:2)
  17 worker ants
  A hound skeleton (D:4)
  A hound zombie (D:11)
  17 mummies (Zig:26)
  A howler monkey zombie (D:5)
  2 worker ant zombies
  Robin (D:4)
  12 adders
  11 gnolls
  2 shadow imps
  2 white imps
  An ooze (D:2)
  2 adder zombies
  2 adder skeletons
  A worm (D:2)
  3 dart slugs (D:1)
  4 leopard geckos
  115 orcs
  A ball python (D:1)
  4 bats
  A bat (shapeshifter) (Vaults:3)
  9 giant cockroaches
  14 goblins
  7 hobgoblins
  2 jackals (D:2)
  23 kobolds
  4 quokkas
  7 frilled lizards
  4 rats (D:2)
  9 ball lightnings (Depths:2)
  8 blocks of ice
  2 butterflies (D:8)
  2 crawling corpses (Elf:3)
  29 fire vortices
3105 creatures vanquished.

Vanquished Creatures (collateral kills)
  2 pandemonium lords
  A hellephant (Zig:12)
  An acid blob (Zig:23)
  An emperor scorpion (Zig:10)
  A war gargoyle (Zig:17)
  A tengu zombie (Zig:24)
  A demonic crawler (Zig:10)
  3 slime creatures (Zig:23)
  An eye of draining (Zig:23)
12 creatures vanquished.

Vanquished Creatures (others)
  A deep elf master archer (Elf:3)
  A two-headed ogre (Vaults:3)
  An ugly thing (Depths:2)
  A tarantella (Zig:19)
  A water elemental (Elf:2)
  An orc wizard (Vaults:5)
  3 ball lightnings (Depths:2)
  A block of ice (Zig:25)
  97 fire vortices
  46 fungi
  273 plants
  6 withered plants (D:9)
432 creatures vanquished.

Grand Total: 3549 creatures vanquished

Notes
Turn   | Place    | Note
-------+----------+-------------------------------------------
     0 | D:1      | Shelvor the Gargoyle Earth Elementalist began the quest for
                  | the Orb.
     0 | D:1      | Reached XP level 1. HP: 10/10 MP: 3/3
   509 | D:1      | Reached XP level 2. HP: 15/15 MP: 5/5
   928 | D:1      | Reached XP level 3. HP: 13/19 MP: 6/6
   932 | D:1      | Learned a level 3 spell: Stone Arrow
  1623 | D:2      | Reached skill level 1 in Conjurations
  1635 | D:2      | Reached XP level 4. HP: 17/24 MP: 2/8
  1748 | D:2      | Noticed Sigmund
  1762 | D:2      | Killed Sigmund
  1763 | D:2      | Reached skill level 5 in Earth Magic
  1763 | D:2      | Reached XP level 5. HP: 15/28 MP: 3/10
  1906 | D:2      | Learned a level 5 spell: Lee's Rapid Deconstruction
  1938 | D:2      | Reached XP level 6. HP: 27/32 MP: 11/11
  2340 | D:2      | Found a shadowy altar of Dithmenos.
  2504 | D:2      | Noticed Natasha
  2515 | D:2      | Killed Natasha
  2573 | D:2      | Found a sacrificial altar of Ru.
  2671 | D:2      | Noticed Natasha
  2685 | D:2      | Killed Natasha
  3037 | D:2      | Noticed Natasha
  3050 | D:2      | Killed Natasha
  3576 | D:3      | Reached XP level 7. HP: 20/36 MP: 7/13
  4036 | D:3      | Found a broken altar of Ashenzari.
  4148 | D:3      | Found a shimmering altar of Xom.
  4148 | D:3      | Found an opulent altar of Gozag.
  4179 | D:4      | Noticed Robin
  4211 | D:4      | Killed Robin
  5072 | D:4      | Found Zosisch's Gadget Boutique.
  5146 | D:5      | Entered Level 5 of the Dungeon
  5716 | D:5      | Found a burning altar of Makhleb.
  5769 | D:6      | Found a white marble altar of Elyvilon.
  6227 | D:6      | Reached skill level 5 in Spellcasting
  6277 | D:6      | Reached XP level 8. HP: 41/41 MP: 15/15
  6293 | D:6      | Reached skill level 5 in Conjurations
  6395 | D:6      | Reached skill level 1 in Armour
  6402 | D:6      | Reached skill level 1 in Fighting
  6423 | D:6      | Reached skill level 1 in Maces & Flails
  6548 | D:6      | Noticed Blork the orc
  6552 | D:6      | Killed Blork the orc
  6553 | D:6      | Reached skill level 1 in Evocations
  6609 | D:6      | Found a burning altar of Makhleb.
  6672 | D:6      | Found a staircase to the Ecumenical Temple.
  6775 | Temple   | Entered the Ecumenical Temple
  6785 | Temple   | Became a worshipper of Vehumet
  7282 | D:7      | Reached skill level 2 in Fighting
  7340 | D:7      | Found a sparkling altar of Nemelex Xobeh.
  7375 | D:7      | Found a stormy altar of Qazlal.
  7453 | D:7      | Reached XP level 9. HP: 47/49 MP: 11/17
  7495 | D:7      | Noticed Menkaure
  7501 | D:7      | Killed Menkaure
  7502 | D:7      | Found a shadowy altar of Dithmenos.
  7606 | D:7      | Found a flagged portal.
  7611 | D:7      | Reached * piety under Vehumet
  7611 | D:7      | Offered knowledge of Foxfire by Vehumet.
  7621 | Bailey   | Entered a bailey
  8171 | Bailey   | Reached skill level 3 in Fighting
  8791 | Bailey   | Offered knowledge of Freeze by Vehumet.
  9220 | Bailey   | Reached ** piety under Vehumet
  9221 | Bailey   | Reached skill level 4 in Fighting
  9221 | Bailey   | Reached XP level 10. HP: 56/56 MP: 12/19
 10228 | D:8      | Got a pitted leather armour
 10239 | D:8      | Identified the cursed +1 leather armour of Lugonu's Anger
                  | {+Fly Int+3} (You found it on level 8 of the Dungeon)
 10530 | D:8      | Reached skill level 5 in Fighting
 10530 | D:8      | Reached skill level 5 in Armour
 10552 | D:8      | Found a staircase to the Lair.
 10933 | D:8      | Offered knowledge of Static Discharge by Vehumet.
 10966 | D:8      | Found an opulent altar of Gozag.
 11377 | D:8      | Noticed Erica
 11392 | D:8      | Killed Erica
 11393 | D:8      | Reached skill level 6 in Fighting
 11393 | D:8      | Reached XP level 11. HP: 24/64 MP: 5/21
 11581 | D:8      | Found a runed translucent door.
 11582 | D:8      | Found a runed translucent door.
 11607 | D:8      | Reached *** piety under Vehumet
 11854 | D:9      | Offered knowledge of Ignite Poison by Vehumet.
 11980 | D:9      | Reached skill level 5 in Maces & Flails
 12060 | D:9      | Got an ebony rapier
 12075 | D:9      | Identified the +1 rapier of the Fray {vorpal, +Inv Int+3
                  | SInv Stlth-} (You found it on level 9 of the Dungeon)
 12100 | D:9      | Reached skill level 7 in Fighting
 12445 | D:9      | Found a stormy altar of Qazlal.
 12844 | D:9      | Found a runed translucent gate.
 12845 | D:9      | Found a runed translucent gate.
 12846 | D:9      | Found a runed translucent gate.
 12847 | D:9      | Noticed Hopman's ghost (novice MiFi)
 12848 | D:9      | Noticed mokwee's ghost (novice MiFi)
 12876 | D:10     | Entered Level 10 of the Dungeon
 13286 | D:10     | Found a staircase to the Orcish Mines.
 13317 | D:10     | Reached **** piety under Vehumet
 13486 | D:10     | Reached skill level 10 in Earth Magic
 13838 | D:11     | Noticed a cyan ugly thing
 13845 | D:11     | Killed a cyan ugly thing
 14021 | D:11     | Offered knowledge of Iskenderun's Battlesphere by Vehumet.
 14022 | D:11     | Noticed Psyche
 14034 | D:11     | Killed Psyche
 14035 | D:11     | Reached skill level 5 in Evocations
 14044 | D:11     | Noticed a cyclops
 14047 | D:11     | Killed a cyclops
 14048 | D:11     | Reached skill level 5 in Dodging
 14106 | D:11     | Reached skill level 8 in Fighting
 14258 | D:11     | Noticed an unseen horror
 14263 | D:11     | Killed an unseen horror
 14296 | D:11     | Noticed an eight-headed hydra
 14302 | D:11     | Killed an eight-headed hydra
 14694 | D:12     | Reached XP level 12. HP: 75/75 MP: 18/23
 14700 | D:12     | Noticed a two-headed ogre
 14709 | D:12     | Killed a two-headed ogre
 14975 | D:12     | Noticed Sonja
 14993 | D:12     | Killed Sonja
 14994 | D:12     | Reached skill level 9 in Fighting
 15002 | D:12     | Reached ***** piety under Vehumet
 15334 | D:13     | Offered knowledge of Spellforged Servitor by Vehumet.
 15390 | D:13     | Noticed a centaur warrior
 15393 | D:13     | Killed a centaur warrior
 15421 | D:13     | Found a viscous altar of Jiyva.
 15787 | D:13     | Noticed a centaur warrior
 15803 | D:13     | Killed a centaur warrior
 16141 | D:13     | Noticed a four-headed hydra
 16145 | D:13     | Killed a four-headed hydra
 16277 | D:13     | You fall into a shaft and drop 1 floor!
 16293 | D:14     | Noticed a four-headed hydra
 16300 | D:14     | Reached skill level 10 in Fighting
 16304 | D:14     | Killed a four-headed hydra
 16305 | D:14     | Reached XP level 13. HP: 50/83 MP: 25/25
 16359 | D:14     | Noticed a vault guard
 16367 | D:14     | Noticed a vault guard
 16376 | D:14     | Noticed a vault guard
 16379 | D:14     | Killed a vault guard
 16379 | D:14     | Killed a vault guard
 16382 | D:14     | Noticed a vault guard
 16390 | D:14     | Killed a vault guard
 16400 | D:14     | Killed a vault guard
 16404 | D:14     | Noticed a vault guard
 16415 | D:14     | Killed a vault guard
 16416 | D:14     | Reached skill level 11 in Fighting
 16599 | D:14     | Noticed a vault guard
 16608 | D:14     | Killed a vault guard
 16641 | D:14     | Gained mutation: Armour fits poorly on your strangely
                  | shaped body. [potion of mutation]
 16641 | D:14     | Gained mutation: Your natural rate of healing is unusually
                  | fast. [potion of mutation]
 16641 | D:14     | Gained mutation: You are partially covered in molten
                  | scales. (AC +2) [potion of mutation]
 16641 | D:14     | Gained mutation: Your spells are a little harder to cast,
                  | but a little more powerful. [potion of mutation]
 16762 | D:14     | Found a gate to the Vaults.
 16907 | D:14     | Noticed a vault guard
 16921 | D:14     | Killed a vault guard
 17390 | D:14     | Reached skill level 10 in Conjurations
 17625 | D:14     | Noticed a stone giant
 17634 | D:14     | Killed a stone giant
 17643 | D:14     | Noticed an ice dragon
 17645 | D:14     | Killed an ice dragon
 17763 | D:14     | Got a scintillating lapis lazuli ring
 17764 | D:14     | Identified the ring "Reca" {rF- rN+ Str+8 Int+6 Slay-5}
                  | (You found it on level 14 of the Dungeon)
 18021 | D:14     | Noticed a vault guard
 18033 | D:14     | Killed a vault guard
 18539 | Lair:1   | Entered Level 1 of the Lair of Beasts
 18667 | Lair:1   | Gained mutation: Your large and strong wings let you fly
                  | indefinitely. [Gargoyle growth]
 18667 | Lair:1   | Reached XP level 14. HP: 91/91 MP: 27/27
 18811 | Lair:1   | Reached skill level 12 in Fighting
 19388 | Lair:1   | Learned a level 5 spell: Fireball
 19406 | Lair:2   | Learned a level 6 spell: Starburst
 19490 | Lair:2   | Found a hole to the Spider Nest.
 19547 | Lair:2   | Reached skill level 1 in Fire Magic
 20717 | Lair:3   | Offered knowledge of Iron Shot by Vehumet.
 20860 | Lair:3   | Learned a level 6 spell: Iron Shot
 21048 | Lair:3   | Found a staircase to the Shoals.
 22982 | Lair:4   | Found a large runed translucent door.
 22982 | Lair:4   | Found a large runed translucent door.
 22986 | Lair:4   | Noticed Itwuimug's ghost (journeyman DsWn)
 23274 | Lair:5   | Reached skill level 13 in Fighting
 23276 | Lair:5   | Reached XP level 15. HP: 87/98 MP: 3/28
 23283 | Lair:5   | Reached XP level 16. HP: 100/104 MP: 5/29
 23844 | Lair:5   | Reached skill level 10 in Spellcasting
 23925 | Lair:5   | Offered knowledge of Lightning Bolt by Vehumet.
 24845 | Lair:6   | Entered Level 6 of the Lair of Beasts
 24898 | Lair:6   | Found a dark tunnel.
 24944 | Volcano  | Entered a volcano
 25615 | Lair:6   | Offered knowledge of Ozocubu's Refrigeration by Vehumet.
 25955 | Lair:6   | Reached skill level 14 in Fighting
 26283 | Lair:6   | Found a staircase to the Slime Pits.
 26494 | Lair:6   | Got a crude leather armour
 26504 | Lair:6   | Identified the +3 leather armour "Nontorel" {Dex+3} (You
                  | found it on level 6 of the Lair of Beasts)
 26952 | Orc:1    | Entered Level 1 of the Orcish Mines
 27009 | Orc:2    | Entered Level 2 of the Orcish Mines
 27105 | Orc:1    | Reached XP level 17. HP: 111/111 MP: 17/31
 27106 | Orc:1    | Reached skill level 10 in Maces & Flails
 27265 | Orc:1    | Found Pikauv's Antique Weapon Emporium.
 27684 | Orc:2    | Found a staircase to the Elven Halls.
 27863 | Orc:2    | Reached skill level 10 in Fire Magic
 27867 | Orc:2    | Reached ****** piety under Vehumet
 28261 | Orc:2    | Found Zauvinaop's Antique Armour Shoppe.
 28261 | Orc:2    | Found Vuiriv's Distillery.
 28263 | Orc:2    | Found Muricad's Book Shoppe.
 28263 | Orc:2    | Found Waim's Armour Shop.
 28281 | Orc:2    | Bought an embroidered scarf for 280 gold pieces
 28301 | Orc:2    | Bought a potion of resistance for 130 gold pieces
 28301 | Orc:2    | Bought a potion of curing for 39 gold pieces
 28301 | Orc:2    | Bought a potion of curing for 39 gold pieces
 28301 | Orc:2    | Bought a potion of might for 52 gold pieces
 28301 | Orc:2    | Bought a potion of curing for 39 gold pieces
 28301 | Orc:2    | Bought a potion of haste for 130 gold pieces
 28301 | Orc:2    | Bought a potion of invisibility for 104 gold pieces
 28301 | Orc:2    | Bought a potion of curing for 39 gold pieces
 28526 | D:15     | Entered Level 15 of the Dungeon
 28550 | D:15     | Noticed Louise
 28683 | D:15     | Killed Louise
 29045 | D:15     | Offered knowledge of Conjure Ball Lightning by Vehumet.
 29298 | D:15     | Found a staircase to the Depths.
 29792 | D:15     | Noticed Rupert
 29801 | D:15     | Killed Rupert
 30331 | Shoals:1 | Entered Level 1 of the Shoals
 30959 | Shoals:1 | Found Kasueblu's Island Escapes.
 30977 | Shoals:1 | Bought a scroll of blinking for 105 gold pieces
 30977 | Shoals:1 | Bought a scroll of blinking for 105 gold pieces
 30977 | Shoals:1 | Bought a potion of invisibility for 112 gold pieces
 30977 | Shoals:1 | Bought a scroll of blinking for 105 gold pieces
 32438 | Shoals:2 | Reached XP level 18. HP: 110/116 MP: 29/32
 32502 | Shoals:2 | Noticed Frances
 32514 | Shoals:2 | Killed Frances
 32617 | Shoals:2 | Offered knowledge of Yara's Violent Unravelling by Vehumet.
 32623 | Shoals:2 | Reached skill level 15 in Fire Magic
 34315 | Shoals:3 | Found a runed translucent gate.
 34315 | Shoals:3 | Found a runed translucent gate.
 34837 | Shoals:3 | Found a runed translucent gate.
 34900 | Shoals:4 | Entered Level 4 of the Shoals
 34928 | Shoals:3 | Learned a level 8 spell: Ignition
 35679 | Shoals:4 | Got a barnacled rune of Zot
 36865 | Spider:1 | Entered Level 1 of the Spider Nest
 37912 | Spider:1 | Noticed Josephine
 37915 | Spider:1 | Killed Josephine
 38297 | Spider:2 | Offered knowledge of Freezing Cloud by Vehumet.
 38470 | Spider:2 | Reached XP level 19. HP: 123/123 MP: 22/34
 38780 | Spider:2 | Noticed Kirke
 38783 | Spider:2 | Killed Kirke
 39192 | Spider:3 | Reached skill level 15 in Fighting
 39216 | Spider:3 | Noticed Agnes
 39224 | Spider:3 | Offered knowledge of Lehudib's Crystal Spear by Vehumet.
 39224 | Spider:3 | Offered knowledge of Fire Storm by Vehumet.
 39224 | Spider:3 | Offered knowledge of Shatter by Vehumet.
 39224 | Spider:3 | Killed Agnes
 39564 | Spider:3 | Reached skill level 10 in Evocations
 40067 | Spider:4 | Entered Level 4 of the Spider Nest
 40067 | Spider:4 | Noticed Roxanne
 40075 | Spider:4 | Killed Roxanne
 41467 | Spider:4 | Got a gossamer rune of Zot
 41797 | Vaults:1 | Entered Level 1 of the Vaults
 41815 | Vaults:1 | Reached skill level 15 in Earth Magic
 42179 | Vaults:1 | Reached XP level 20. HP: 117/130 MP: 35/35
 42488 | Vaults:1 | Reached skill level 10 in Dodging
 43825 | Vaults:1 | Found Cufaeboa's Gadget Shoppe.
 44213 | Vaults:2 | Noticed Margery
 44323 | Vaults:2 | Killed Margery
 44522 | Vaults:2 | Found Tuacur's General Store.
 44540 | Vaults:2 | Bought a potion of might for 48 gold pieces
 44540 | Vaults:2 | Bought a scroll of identify for 24 gold pieces
 44636 | Vaults:2 | Reached XP level 21. HP: 133/136 MP: 27/37
 44785 | Vaults:2 | Reached skill level 16 in Fighting
 44957 | Vaults:2 | Found a staircase to the Crypt.
 46117 | Vaults:2 | Found a transporter.
 46160 | Vaults:2 | Found a transporter.
 46519 | Vaults:2 | Got a faintly glowing glass ring
 46520 | Vaults:2 | Identified the ring of Supnotei {+Blink EV+4 Str+2 Int+5
                  | Dex-5} (You found it on level 2 of the Vaults)
 46891 | Vaults:3 | Noticed Donald
 46896 | Vaults:3 | Killed Donald
 47837 | Vaults:3 | Found a transporter.
 47846 | Vaults:3 | Found a transporter.
 47901 | Vaults:3 | Found a bloodstained altar of Trog.
 47902 | Vaults:3 | Found the cursed necklace of Bloodlust {*Rage +Rage Will++
                  | Int-3 Slay+6 *Curse}
 48152 | Vaults:3 | Found a runed translucent door.
 48187 | Vaults:3 | Reached XP level 22. HP: 132/143 MP: 32/38
 49541 | Vaults:4 | Found Wucla's Magic Scroll Boutique.
 49559 | Vaults:4 | Bought a scroll of identify for 28 gold pieces
 49559 | Vaults:4 | Bought a scroll of identify for 28 gold pieces
 49559 | Vaults:4 | Bought a scroll of identify for 28 gold pieces
 49879 | Vaults:5 | Entered Level 5 of the Vaults
 50140 | Elf:1    | Entered Level 1 of the Elven Halls
 50164 | Elf:1    | Learned a level 9 spell: Shatter
 50221 | Elf:1    | Identified the +2 falchion "Fish" {vorpal, rC+ Int+4}
 50317 | Elf:1    | Identified the Handbook of Attacks
 51750 | Elf:2    | Found a runed translucent gate.
 51751 | Elf:2    | Found a runed translucent gate.
 51778 | Elf:2    | Found a runed translucent gate.
 51982 | Elf:2    | Reached XP level 23. HP: 148/148 MP: 32/39
 52017 | Elf:2    | Noticed Asterion
 52023 | Elf:2    | Killed Asterion
 52281 | Elf:3    | Entered Level 3 of the Elven Halls
 52562 | Elf:3    | Found a transporter.
 52566 | Elf:3    | Noticed hemabe71's ghost (adept HuAr)
 52603 | Elf:3    | Found a transporter.
 52846 | Elf:3    | Found Woef's Distillery.
 52846 | Elf:3    | Found Hazefoem's Gadget Boutique.
 52849 | Elf:3    | Found Jiomoepp's Antique Weapon Shop.
 52890 | Elf:3    | Found Rirr's General Store.
 52899 | Elf:3    | Bought a scroll of identify for 34 gold pieces
 52937 | Elf:3    | Bought 2 potions of heal wounds for 160 gold pieces
 52937 | Elf:3    | Bought 3 potions of magic for 384 gold pieces
 52937 | Elf:3    | Bought a potion of haste for 160 gold pieces
 52937 | Elf:3    | Bought a potion of curing for 48 gold pieces
 52937 | Elf:3    | Bought a potion of curing for 48 gold pieces
 52937 | Elf:3    | Bought a potion of curing for 48 gold pieces
 52937 | Elf:3    | Bought a potion of mutation for 128 gold pieces
 52937 | Elf:3    | Bought a potion of curing for 48 gold pieces
 52937 | Elf:3    | Bought a potion of resistance for 160 gold pieces
 52937 | Elf:3    | Bought a potion of brilliance for 64 gold pieces
 52937 | Elf:3    | Bought a potion of curing for 48 gold pieces
 53285 | Elf:3    | Identified the ring "Jorur" {rC+ Will+ Int+2}
 53536 | Elf:3    | Identified the Compendium of Scorching Hexes
 53544 | Elf:3    | Got a scintillating steel ring
 53545 | Elf:3    | Identified the ring "Joliorre" {Fire +Blink Dex+2} (You
                  | found it on level 3 of the Elven Halls)
 53580 | Elf:3    | Identified the Disquisition on Sinister Intoxication
 53594 | Elf:3    | Identified the Compendium of Curses
 53820 | Elf:3    | Killed hemabe71's ghost
 53825 | Elf:3    | Got a heavily runed amber ring
 53826 | Elf:3    | Identified the ring "Bereng" {Fire *Drain rElec Int+6
                  | Stlth+} (You found it on level 3 of the Elven Halls)
 53999 | Elf:2    | Noticed Azrael
 54000 | Elf:2    | Noticed Nikola
 54008 | Elf:2    | Killed Azrael
 54017 | Elf:2    | Killed Nikola
 54329 | Elf:2    | Reached XP level 24. HP: 151/154 MP: 12/40
 55301 | Vaults:5 | Reached skill level 17 in Fighting
 55315 | Vaults:5 | Reached skill level 15 in Conjurations
 55752 | Vaults:5 | Got a silver rune of Zot
 55948 | Vaults:5 | Identified Waaxi's Advanced Steps in Secret Knowledge
 56441 | Vaults:5 | Identified the +2 pair of gloves "Evezosheck" {*Corrode
                  | Str+2 Dex+5} (You found it on level 5 of the Vaults)
 56812 | Depths:1 | Entered Level 1 of the Depths
 56815 | Depths:1 | Reached XP level 25. HP: 161/161 MP: 32/40
 57272 | Depths:1 | Found a gateway to Hell.
 57415 | Depths:1 | Noticed Ettaih's ghost (veteran DsIE)
 57418 | Depths:1 | Killed Ettaih's ghost
 57842 | Depths:1 | Found a runed translucent gate.
 57842 | Depths:1 | Found a runed translucent gate.
 57842 | Depths:1 | Found a runed translucent gate.
 58153 | Depths:2 | Reached skill level 18 in Fighting
 59620 | Depths:2 | Found a one-way gate to the infinite horrors of the Abyss.
 59833 | Depths:2 | Found a one-way gate leading to the halls of Pandemonium.
 59983 | Depths:2 | Got a warped steel ring
 59986 | Depths:2 | Identified the ring of Biqyaj {Ice *Corrode Dex+4 SInv}
                  | (You found it on level 2 of the Depths)
 60462 | Depths:3 | You are sucked into a shaft and drop 2 floors!
 60462 | Depths:5 | Entered Level 5 of the Depths
 60465 | Depths:5 | Noticed Frederick
 60468 | Depths:5 | Killed Frederick
 60633 | Depths:5 | Reached XP level 26. HP: 129/170 MP: 33/41
 60775 | Depths:4 | Found a sparkling altar of Nemelex Xobeh.
 60795 | Depths:4 | Found a magical portal.
 60802 | WizLab   | Entered Wucad Mu's Monastery
 60924 | WizLab   | Found the +9 staff of Wucad Mu {channel}
 61025 | WizLab   | Reached skill level 19 in Fighting
 61025 | WizLab   | Reached XP level 27. HP: 177/177 MP: 41/41
 61168 | Depths:4 | Noticed an ancient lich
 61171 | Depths:4 | Reached skill level 15 in Maces & Flails
 61172 | Depths:4 | Killed an ancient lich
 61202 | Depths:4 | Reached skill level 20 in Fighting
 61333 | Depths:3 | Reached skill level 15 in Spellcasting
 61712 | Depths:3 | Identified the ring "Goump" {rCorr Str-2 Int+3 Dex+4}
 61979 | Depths:3 | Identified the Compendium of Feathery Enchantment
 62782 | Depths:3 | Found a corrupted altar of Lugonu.
 63353 | Depths:4 | Found a gateway to a ziggurat.
 63707 | Depths:4 | Reached skill level 21 in Fighting
 63948 | Depths:4 | Found Talyubil's Weapon Shop.
 64222 | Depths:4 | Identified Sif Muna's Disquisition on Evil Arts
 64719 | Depths:5 | Noticed a juggernaut
 64723 | Depths:5 | Killed a juggernaut
 64727 | Depths:5 | Noticed a juggernaut
 64741 | Depths:4 | Learned a level 9 spell: Fire Storm
 64849 | Depths:5 | Noticed a juggernaut
 64852 | Depths:5 | Killed a juggernaut
 64853 | Depths:5 | Killed a juggernaut
 64855 | Depths:5 | Noticed Boris
 65003 | Depths:5 | Noticed Jory
 65004 | Depths:5 | Killed Boris
 65006 | Depths:5 | Killed Jory
 65237 | Depths:5 | Found a gate to the Realm of Zot.
 66095 | Zig:1    | Entered Level 1 of a ziggurat
 66097 | Zig:1    | Identified a scroll of acquirement
 66116 | Zig:1    | Acquired a book of Annihilations
 66132 | Zig:1    | Learned a level 9 spell: Absolute Zero
 66139 | Zig:2    | Entered Level 2 of a ziggurat
 66142 | Zig:2    | Noticed Ehuigrer the pandemonium lord
 66145 | Zig:2    | Killed Ehuigrer the pandemonium lord
 66253 | Zig:2    | Got a wavering lapis lazuli ring
 66254 | Zig:2    | Identified the ring "Heph" {rC++ rN+ Dex+4 Slay-2 Stlth+}
                  | (You found it on level 2 of a ziggurat)
 66257 | Zig:3    | Entered Level 3 of a ziggurat
 66436 | Zig:4    | Entered Level 4 of a ziggurat
 66503 | Zig:5    | Entered Level 5 of a ziggurat
 66509 | Zig:5    | Reached skill level 5 in Ice Magic
 66512 | Zig:5    | Found the brooch of Shielding {Spirit SH+8}
 66646 | Zig:5    | Got a faintly glowing brass amulet
 66647 | Zig:5    | Identified the amulet "Qouc" {Regen+ MP-9 Int+4 Slay+3}
                  | (You found it on level 5 of a ziggurat)
 66654 | Zig:6    | Entered Level 6 of a ziggurat
 66662 | Zig:6    | Noticed Koivujiuri the pandemonium lord
 66674 | Zig:6    | Killed Koivujiuri the pandemonium lord
 66797 | Zig:7    | Entered Level 7 of a ziggurat
 66803 | Zig:7    | Noticed Ygumegent the pandemonium lord
 66808 | Zig:7    | Killed Ygumegent the pandemonium lord
 66903 | Zig:7    | Got a warped bone ring
 66904 | Zig:7    | Identified the cursed ring of the Failed Coup {rF+ Str+2
                  | Dex-4} (You found it on level 7 of a ziggurat)
 66908 | Zig:7    | Reached skill level 10 in Ice Magic
 66923 | Zig:8    | Entered Level 8 of a ziggurat
 66972 | Zig:8    | Got a smoking tin amulet
 66973 | Zig:8    | Identified the amulet of Diogevunn {Spirit *Slow rPois
                  | Will+ Str+4} (You found it on level 8 of a ziggurat)
 66989 | Zig:9    | Entered Level 9 of a ziggurat
 66996 | Zig:9    | Noticed a juggernaut
 67002 | Zig:9    | Killed a juggernaut
 67072 | Zig:10   | Entered Level 10 of a ziggurat
 67234 | Zig:10   | Identified the +9 morningstar "Wep Qer" {vorpal, rElec
                  | rPois rF++ Will-} (You found it on level 10 of a ziggurat)
 67248 | Zig:10   | Acquired 705 gold pieces
 67249 | Zig:10   | Acquired the +1 helmet of Qopne {+Inv rF+ Str+4}
 67265 | Zig:10   | Acquired 581 gold pieces
 67279 | Zig:11   | Entered Level 11 of a ziggurat
 67437 | Zig:11   | Got a smoking sapphire amulet
 67438 | Zig:11   | Identified the amulet of Moxut {RegenMP +Inv rF+ rN+} (You
                  | found it on level 11 of a ziggurat)
 67482 | Zig:11   | Identified the Collected Works on Scorching Feathers
 67491 | Zig:12   | Entered Level 12 of a ziggurat
 67509 | Zig:12   | Found the +5 robe of Misfortune {*Contam Harm *Corrode
                  | *Drain *Slow EV+5}
 67554 | Zig:13   | Entered Level 13 of a ziggurat
 67562 | Zig:13   | Noticed an ancient lich
 67562 | Zig:13   | Noticed an ancient lich
 67565 | Zig:13   | Killed an ancient lich
 67566 | Zig:13   | Reached skill level 15 in Ice Magic
 67566 | Zig:13   | Killed an ancient lich
 67700 | Zig:14   | Entered Level 14 of a ziggurat
 67712 | Zig:14   | Noticed Waowo the pandemonium lord
 67726 | Zig:14   | Killed Waowo the pandemonium lord
 68099 | Zig:14   | Got a wavering jade amulet
 68100 | Zig:14   | Identified the amulet of Purphuppioc {Reflect rC++ Int-3
                  | SH+5} (You found it on level 14 of a ziggurat)
 68105 | Zig:14   | Identified Sif Muna's Guide on Air
 68109 | Zig:15   | Entered Level 15 of a ziggurat
 68193 | Zig:15   | Identified Heg Tef's Grimoire of Evil and Orientation
 68217 | Zig:15   | Identified the +2 pair of boots of the Dolphin {Str+2} (You
                  | found it on level 15 of a ziggurat)
 68231 | Zig:16   | Entered Level 16 of a ziggurat
 68402 | Zig:17   | Entered Level 17 of a ziggurat
 68499 | Zig:17   | Acquired 863 gold pieces
 68520 | Zig:17   | Identified Cewasu Areu's Tome of Unholy Rituals and
                  | Creation
 68524 | Zig:17   | Got a transparent bone ring
 68525 | Zig:17   | Identified the ring "Ucsaad" {Fire rPois Int+2 Stlth+} (You
                  | found it on level 17 of a ziggurat)
 68529 | Zig:18   | Entered Level 18 of a ziggurat
 68877 | Zig:18   | Identified the Compendium of the Arsonist and the Oath
 68883 | Zig:18   | Identified Qauv's Handbook of Execration
 68889 | Zig:18   | Identified the Papyrus of Ensnaring Stolen Souls
 68893 | Zig:19   | Entered Level 19 of a ziggurat
 68914 | Zig:19   | Reached skill level 22 in Fighting
 69052 | Zig:19   | Got a fine ruby amulet
 69053 | Zig:19   | Identified the amulet of New Discoveries {Faith Stlth+}
                  | (You found it on level 19 of a ziggurat)
 69056 | Zig:19   | Got a crude dire flail
 69057 | Zig:19   | Identified the +7 dire flail of Gravity {holy, Str+3} (You
                  | found it on level 19 of a ziggurat)
 69060 | Zig:19   | Identified the Disquisition on Snow and Feathers
 69070 | Zig:20   | Entered Level 20 of a ziggurat
 69118 | Zig:20   | Got a clouded platinum ring
 69119 | Zig:20   | Identified the ring "Xilohe Buhank" {rN+ Dex+2} (You found
                  | it on level 20 of a ziggurat)
 69155 | Zig:20   | Identified the +9 quarterstaff "Berrieh" {antimagic, Dex+2}
                  | (You found it on level 20 of a ziggurat)
 69197 | Zig:21   | Entered Level 21 of a ziggurat
 69209 | Zig:21   | Noticed Ufas the pandemonium lord
 69225 | Zig:21   | Found the +3 warlock's mirror {reflect}
 69227 | Zig:22   | Entered Level 22 of a ziggurat
 69251 | Zig:22   | Noticed an ancient lich
 69251 | Zig:22   | Noticed an ancient lich
 69254 | Zig:22   | Killed an ancient lich
 69255 | Zig:22   | Reached skill level 15 in Dodging
 69255 | Zig:22   | Killed an ancient lich
 69262 | Zig:22   | Noticed an ancient lich
 69264 | Zig:22   | Killed an ancient lich
 69464 | Zig:22   | Found the +3 salamander hide armour {Flames rF++ rC--}
 69510 | Zig:22   | Got a brightly glowing amethyst amulet
 69511 | Zig:22   | Identified the amulet of Liberty {Reflect rN+ Int+2 SH+5}
                  | (You found it on level 22 of a ziggurat)
 69521 | Zig:23   | Entered Level 23 of a ziggurat
 69532 | Zig:23   | Reached skill level 23 in Fighting
 69557 | Zig:23   | Found the +5 demon whip "Spellbinder" {antimagic, Will+}
 69584 | Zig:23   | Identified the Handbook of Displacement and the Arsonist
 69593 | Zig:23   | Identified the Reference Book on Creation
 69598 | Zig:23   | Identified the Papyrus of the Ladybird
 69603 | Zig:23   | Identified the +3 buckler of the Eight Ghosts {Will+
                  | Regen+} (You found it on level 23 of a ziggurat)
 69608 | Zig:23   | Got a scorched lapis lazuli ring
 69609 | Zig:23   | Identified the ring of Gin and Tonic {rElec Will- Str+6
                  | Dex+6 SInv} (You found it on level 23 of a ziggurat)
 69629 | Zig:24   | Entered Level 24 of a ziggurat
 69641 | Zig:24   | Reached skill level 1 in Shields
 69651 | Zig:24   | Reached skill level 5 in Shields
 69795 | Zig:24   | Found the macabre finger necklace {rN+}
 69803 | Zig:24   | Identified the Collected Works on Flames
 69841 | Zig:24   | Identified the +4 morningstar of Ukeargh {vorpal, rPois rN+
                  | Int+5} (You found it on level 24 of a ziggurat)
 69852 | Zig:25   | Entered Level 25 of a ziggurat
 69860 | Zig:25   | Noticed an ancient lich
 69860 | Zig:25   | Noticed an ancient lich
 69862 | Zig:25   | Killed an ancient lich
 69863 | Zig:25   | Noticed an ancient lich
 69864 | Zig:25   | Killed an ancient lich
 69866 | Zig:25   | Killed an ancient lich
 69867 | Zig:25   | Reached skill level 10 in Shields
 69868 | Zig:25   | Noticed an ancient lich
 69870 | Zig:25   | Reached skill level 24 in Fighting
 69871 | Zig:25   | Killed an ancient lich
 69885 | Zig:25   | Found the +10 morningstar "Eos" {elec, Halo rElec}
 69943 | Zig:25   | Identified the +8 morningstar of Cobaoblo {vamp, rF+++
                  | Int+3 Dex+7} (You found it on level 25 of a ziggurat)
 69952 | Zig:26   | Entered Level 26 of a ziggurat
 69961 | Zig:26   | Noticed a royal mummy
 69964 | Zig:26   | Noticed a royal mummy
 69964 | Zig:26   | Noticed a royal mummy
 69966 | Zig:26   | Killed a royal mummy
 69966 | Zig:26   | Noticed a royal mummy
 69966 | Zig:26   | Noticed a royal mummy
 69967 | Zig:26   | Killed a royal mummy
 69967 | Zig:26   | Killed a royal mummy
 69967 | Zig:26   | Noticed a royal mummy
 69968 | Zig:26   | Noticed a royal mummy
 69968 | Zig:26   | Noticed a royal mummy
 69968 | Zig:26   | Noticed a royal mummy
 69968 | Zig:26   | Noticed a royal mummy
 69973 | Zig:26   | HP: 6/192 [bennu (9)]
 69977 | Zig:26   | Noticed a royal mummy
 69978 | Zig:26   | HP: 8/192 [??? (1)]
 69979 | Zig:26   | Killed by a guardian mummy's death curse

Illustrated notes

Levels and vault maps discovered:
D:1:      heliophobic_arrival_enchanted_forest, layout_basic
D:2:      layout_basic, general_overflow_altar, lemuel_round_altar,
          minmay_fractal_squares_5, uniq_natasha, uniq_sigmund
D:3:      layout_loops_ring, gammafunk_temple_overflow_statue,
          evilmike_ruin_ashenzari
D:4:      layout_loops_corners, serial_shops, shop_statue, uniq_robin
D:5:      layout_basic, lemuel_coloured_pillars_altar, hex_tiny,
          serial_bayou_ford_a
D:6:      layout_rooms, old_standard_altar, minmay_temple_entry_butterflies,
          chequers_avenue, makhleb_heckhound_becter, uniq_blork_the_orc
D:7:      layout_loops_corners, kennysheep_little_box, grunt_qazlal_clouds,
          enter_bailey_7, kennysheep_doodads, nicolae_dithmenos_shadow_blocks,
          uniq_menkaure
D:8:      lemuel_insect_pit, layout_gridville, erik_lair_orcish_takeover,
          nicolae_gozag_seed_capital, uniq_erica
D:9:      layout_long_grid, basic_altar, gammafunk_ghost_cemetery, st_stairs_6
D:10:     layout_roguey, david_orc_3
D:11:     layout_rooms, uniq_psyche
D:12:     layout_cave_pools, serial_bayou_pond_a, uniq_sonja
D:13:     layout_stronghold, jiyva_altar_1
D:14:     minmay_two_paths, layout_rooms, erik_vaults_2,
          minmay_staircase_bubble, minmay_orc_keep
D:15:     hangedman_depths_entry_try_elsewhere_first, layout_rooms,
          minmay_tree_intersection, solitary_fountain,
          hangedman_decor_clover_reticule, uniq_louise, uniq_rupert
Temple:   cyrus_circular_temple
Lair:1:   layout_gridlike, minmay_lair_oklob_bushes, serial_bayou_pond_b,
          zaba_anthole, serial_bayou_shore_b
Lair:2:   layout_chaotic_city, spider_nest_entry_rubble
Lair:3:   layout_loops_ring, elwin_shoals_entry_stream, grunt_megastairs_3
Lair:4:   layout_regular_city, ebering_ghost_disaster_area, beast_lair_carwin_5,
          minmay_lair_oklob_chamber
Lair:5:   layout_cave_pods, gammafunk_lair_bear_cave
Lair:6:   minmay_lair_end_frog_pond, layout_regular_city, slime_dummy,
          nicolae_volcano_entry_batcave, chequers_serial_rivers_micro_d
Shoals:1: layout_shoals, nicolae_island_escapes
Shoals:2: layout_shoals, uniq_frances
Shoals:3: cheibrodos_shoals_roost, layout_shoals, ebering_ghost_rock_garden
Shoals:4: shoals_end_hangedman, layout_shoals
Spider:1: layout_chambers, uniq_josephine
Spider:2: layout_spider_delve, uniq_kirke
Spider:3: layout_spider_delve, hangedman_spider_tarantella_strand, uniq_agnes
Spider:4: spider_rune_water, drop_trap, nicolae_looking_at_the_future,
          uniq_roxanne
Orc:1:    layout_caves, serial_shops, nicolae_shop_statue_plus,
          elves_outpost_lemuel
Orc:2:    grunt_orc_tribal_feast, layout_caves
Elf:1:    layout_onion_city, minmay_elf_annihilation, minivault_14,
          einodemon_crawler_minivault
Elf:2:    layout_loops_ring, hangedman_elf_simple_split, uniq_azrael,
          uniq_asterion, uniq_nikola
Elf:3:    grunt_elf_hall_asides, layout_loops_ring,
          gammafunk_ghost_berserking_beasts, serial_shops, shop,
          minmay_shop_star
Vaults:1: vaults_room_grunt_arrival_ludios, grunt_vaults_twisty,
          nicolae_vaults_hallways_thing, ontoclasm_vaults_idyll, v_misc_1,
          nicolae_vaults_big_ls, nicolae_vaults_little_squares_5,
          nicolae_vaults_c_with_doors, v_pattern_3, hangedman_vaults_locks,
          ontoclasm_vaults_loading_screen, ontoclasm_vaults_decontamination,
          vaults_dpeg_ring, layout_vaults_omnicross, serial_shops,
          nicolae_shop_temple_entry_statues_fountains
Vaults:2: hangedman_vaults_river_flow, ontoclasm_vaults_loading_screen,
          nicolae_vaults_back_hallway, v_misc_28, v_misc_30,
          minmay_crypt_entry_simple_statues, nicolae_vaults_circle_grid_a,
          gammafunk_the_bubble [the_bubble_gammafunk_plus_minus],
          nicolae_vaults_what_the_h, ontoclasm_vaults_twist,
          hangedman_vaults_trim, ontoclasm_vaults_gateway, vaults_room_fours,
          layout_vaults_omnibox, serial_shops, shop, uniq_margery
Vaults:3: vaults_room_fancy_cross, emtedronai_trogs_sanctum, vaults_room_pool,
          nicolae_vaults_network_star, nicolae_vaults_network_periphery,
          nicolae_vaults_sealed_display, v_rooms_2, hangedman_vaults_trim,
          nicolae_vaults_theta, vaults_room_fours, layout_vaults_maze_snakey,
          uniq_donald
Vaults:4: grunt_vaults_swirl, st_lattice, nicolae_vaults_yaktaur_gun_rack,
          ontoclasm_vaults_pinch, vaults_dpeg_encased_lava,
          vaults_room_door_hall, vaults_room_pools, layout_vaults_big_room,
          serial_shops, shop
Vaults:5: serial_shops
Depths:1: layout_twisted_cross, hell_entry, minmay_misc_feat_alley,
          ebering_ghost_rock_garden, grunt_ministairs_10,
          minmay_shattered_shrine
Depths:2: radiant_caverns_b_rkd, abyss_entry, pan_entry, hell_entry
Depths:3: minmay_the_grid_triangle_9x9_recursive_3_mashed
          [minmay_the_grid_triangle_9x9_stretched_checkered,
          minmay_the_grid_triangle_9x9_impossible_snake,
          minmay_the_grid_triangle_9x9_skeleton,
          minmay_the_grid_triangle_9x9_prize_insulated,
          minmay_the_grid_triangle_9x9_longest,
          minmay_the_grid_triangle_9x9_wacky_v,
          minmay_the_grid_triangle_9x9_limited_checkers,
          minmay_the_grid_triangle_9x9_alien,
          minmay_the_grid_triangle_9x9_swiss_cheese], layout_basic, pan_entry,
          kennysheep_pointless_box, abyss_entry_flame_altar, hell_entry,
          minmay_staircase_windowed_small
Depths:4: minmay_diamond_stairs, layout_cave_pools, enter_ziggurat_c,
          special_room [special_room_morgue], serial_shops,
          nicolae_shop_waterfront, nicolae_abyss_entry_one_way_or_another,
          nemelex_xobeh_ov_fountains_minmay, mu_enter_wizlab_5,
          lightli_too_deep, lemuel_flamethrower_3
Depths:5: grunt_zot_entry_funnels, layout_cave_shapes, nicolae_two_hexagons,
          hell_entry, abyss_entry, uniq_jory, uniq_frederick, uniq_boris
Zig:26:   ziggurat_pillar_abc, ziggurat_pillar_abc, ziggurat_pillar_abc,
          ziggurat_pillar_abc

Skill      XL: |  1  2  3  4  5  6  7  8  9 10 11 12 13 14 15 16 17 18 19 20 21 22 23 24 25 26 27 |
---------------+----------------------------------------------------------------------------------+-----
Earth Magic    | 4 5 6 7 8 9 10 11 12 13 14 15 16 17 20 23 | 23.3
Conjurations   | 1 2 3 4 5 6 7 8 9 10 11 12 13 14 15 16 20 | 20.0
Spellcasting   | 3 4 5 6 7 8 9 10 11 12 13 14 19 | 19.2
Armour         | 2 4 6 |  6.0
Fighting       | 2 4 6 8 10 11 13 14 15 16 17 18 19 24 | 24.4
Maces & Flails | 2 3 4 5 7 8 9 10 11 12 13 14 16 | 16.0
Dodging        | 2 3 4 5 6 7 8 9 10 11 12 15 | 15.0
Evocations     | 1 3 4 5 6 7 8 9 10 | 10.0
Fire Magic     | 4 7 9 14 16 17 18 19 22 | 22.0
Ice Magic      | 22 | 22.0
Shields        | 12 | 12.9
Stealth        | |  2.1
Transmutations | |  0.7

Action                   |  1- 3 |  4- 6 |  7- 9 | 10-12 | 13-15 | 16-18 | 19-21 | 22-24 | 25-27 || total
-------------------------+-------+-------+-------+-------+-------+-------+-------+-------+-------++-------
Melee: Short sword       |    37 |       |       |       |       |       |       |       |       ||    37
       Unarmed           |     1 |       |       |       |       |       |       |       |       ||     1
       Dagger            |    47 |   174 |   232 |   220 |       |       |       |       |       ||   673
       Rapier            |       |       |       |   300 |   395 |    92 |       |       |       ||   787
       Demon whip        |       |       |       |       |       |   785 |   534 |   353 |   490 ||  2162
       Morningstar       |       |       |       |       |       |       |       |       |    14 ||    14
       Sacred scourge    |       |       |       |       |       |       |       |       |     8 ||     8
Throw: Throwing net      |       |       |       |       |       |     1 |       |       |       ||     1
 Cast: Sandblast         |    13 |    14 |   140 |   113 |    71 |    36 |    10 |       |       ||   397
       Lee's Rapid Decon |       |     1 |    10 |    57 |    84 |    33 |    27 |    39 |    75 ||   326
       Stone Arrow       |       |       |    12 |    23 |    31 |       |       |       |     1 ||    67
       Starburst         |       |       |       |       |    19 |    99 |       |       |       ||   118
       Iron Shot         |       |       |       |       |    15 |   166 |   129 |    95 |   109 ||   514
       Fireball          |       |       |       |       |     2 |    49 |     1 |     3 |     2 ||    57
       Ignition          |       |       |       |       |       |     8 |   105 |    46 |    63 ||   222
       Shatter           |       |       |       |       |       |       |       |    48 |   178 ||   226
       Fire Storm        |       |       |       |       |       |       |       |       |    58 ||    58
       Absolute Zero     |       |       |       |       |       |       |       |       |     9 ||     9
 Abil: Evoke Invisibilit |       |       |       |       |     2 |       |       |     1 |       ||     3
       Fly               |       |       |       |       |     1 |       |       |       |       ||     1
Evoke: Wand              |       |       |     8 |     3 |    14 |     3 |       |     2 |     7 ||    37
       Condenser vane    |       |       |       |       |     1 |     1 |     2 |       |     5 ||     9
       Phial of floods   |       |       |       |       |       |     2 |     1 |       |       ||     3
  Use: Potion            |       |     2 |     4 |       |     3 |     5 |     2 |     5 |    29 ||    50
       Scroll            |       |     9 |     8 |     7 |     9 |    20 |     5 |     6 |    62 ||   126
 Stab: Sleeping          |     4 |     1 |     5 |     2 |       |       |     1 |     2 |       ||    15
       Invisible         |       |       |       |       |     1 |       |       |     1 |       ||     2
       Distracted        |       |       |       |       |       |     1 |       |       |     1 ||     2
Armor: Robe              |    24 |    57 |   127 |    18 |       |   370 |   322 |   150 |   460 ||  1528
       Leather armour    |       |       |       |   240 |   210 |   263 |       |       |       ||   713
Dodge: Dodged            |    60 |    98 |   254 |   526 |   541 |  1113 |   468 |   161 |   574 ||  3795
Block: Buckler           |       |       |       |       |       |       |       |       |    15 ||    15

Table legend: (Time is in decaauts)
 A = Elapsed time spent in this place.
 B = Non-inter-level travel time spent in this place.
 C = Inter-level travel time spent in this place.
 D = Time resting spent in this place.
 E = Time spent auto-exploring this place.
 F = Levels seen in this place.
 G = Mean time per level.
                   A        B        C        D        E       F      G
               +--------+--------+--------+--------+--------+-----+--------+
         Total |  69256 |  64962 |   4294 |  17350 |  32562 |  74 |  935.9 |
       Dungeon |  19265 |  17672 |   1593 |   4464 |   9570 |  15 | 1284.3 |
        Temple |     17 |     10 |      7 |      0 |      1 |   1 |   17.0 |
          Lair |   7877 |   7437 |    440 |   1353 |   4575 |   6 | 1312.8 |
        Shoals |   6386 |   6166 |    220 |   1863 |   3080 |   4 | 1596.5 |
   Spider Nest |   4666 |   4416 |    250 |    905 |   2760 |   4 | 1166.5 |
  Orcish Mines |   1503 |   1385 |    118 |    335 |    683 |   2 |  751.5 |
   Elven Halls |   4683 |   4446 |    237 |    779 |   2627 |   3 | 1561.0 |
        Vaults |   9571 |   8645 |    926 |   1467 |   5370 |   5 | 1914.2 |
        Depths |   8596 |   8096 |    500 |   2733 |   3362 |   5 | 1719.2 |
      Ziggurat |   3875 |   3875 |      0 |   2155 |      0 |  26 |  149.0 |
        Bailey |   1934 |   1934 |      0 |    962 |    329 |   1 | 1934.0 |
       Volcano |    538 |    538 |      0 |    265 |     85 |   1 |  538.0 |
        Wizlab |    340 |    340 |      0 |     67 |    119 |   1 |  340.0 |
               +--------+--------+--------+--------+--------+-----+--------+

Top non-repeatable levels by time:
Vaults:2: 2550 daAuts
    D:14: 2508 daAuts
Vaults:1: 2506 daAuts
Depths:2: 2273 daAuts
Depths:3: 2260 daAuts
     D:8: 2142 daAuts
  Bailey: 1934 daAuts
Depths:4: 1896 daAuts
Shoals:2: 1748 daAuts
Vaults:3: 1746 daAuts
  Lair:5: 1745 daAuts
  Lair:4: 1727 daAuts
     D:2: 1695 daAuts
Shoals:4: 1655 daAuts
   Elf:1: 1650 daAuts
